 Dungeon Crawl Stone Soup version 0.26-a0-547-g695e311 (webtiles) character file.

Game seed: 17862728114806179828

315 B1Gdaddy5 the Chiller (level 6, 0/34 HPs)
             Began as a Deep Elf Ice Elementalist on Aug 19, 2020.
             Was a Follower of Dithmenos.
             Succumbed to a scorpion's poison
             ... in an ossuary.
             The game lasted 01:38:42 (5127 turns).

B1Gdaddy5 the Chiller (Deep Elf Ice Elementalist)   Turns: 5127, Time: 01:38:43

Health: 0/34       AC:  3    Str:  5    XL:     6   Next: 19%
Magic:  7/14       EV: 14    Int: 22    God:    Dithmenos [*.....]
Gold:   119        SH:  0    Dex: 15    Spells: 10/14 levels left

rFire    . . .     SeeInvis +   o - +1 dagger (drain)
rCold    . . .     Faith    .   (no shield)
rNeg     + . .     Spirit   .   d - +0 robe
rPois    .         Reflect  .   (no helmet)
rElec    .         Harm     .   (no cloak)
rCorr    .                      a - +0 pair of gloves
MR       .....                  (no boots)
Stlth    +++.......             k - amulet of regeneration
HPRegen  0.51/turn              i - ring of positive energy
MPRegen  0.14/turn              j - ring of see invisible

@: lethally poisoned (0 -> -2), wreathed by umbra
A: no striking features
a: Renounce Religion


You were in an ossuary.
You worshipped Dithmenos.
Dithmenos was aware of your devotion.
You visited 1 branch of the dungeon, and saw 4 of its levels.
You also visited: Ossuary.

You collected 119 gold pieces.

Inventory:

Hand Weapons
 b - a +0 dagger
 o - a +1 dagger of draining (weapon)
Missiles
 c - 170 stones (quivered)
 E - 2 atropa-tipped darts
Armour
 a - a +0 pair of gloves (worn)
 d - a +0 robe (worn)
 m - a +0 leather armour
 w - a cursed +0 pair of gloves
 A - a +0 leather armour
Jewellery
 i - a ring of positive energy (left hand)
 j - a ring of see invisible (right hand)
 k - an amulet of regeneration (around neck)
Wands
 l - a wand of random effects (7)
 x - a wand of flame (7)
 B - a wand of iceblast (7)
 C - a wand of acid (5)
Scrolls
 f - a scroll of blinking {unknown}
 h - 2 scrolls of enchant weapon {unknown}
 p - a scroll of noise {unknown}
 r - 3 scrolls of remove curse {unknown}
 v - 2 scrolls of teleportation {unknown}
 y - a scroll of fear {unknown}
Potions
 g - a potion of lignification
 n - a potion of might
 q - a potion of flight
 s - a potion of haste {unknown}
 t - a potion of berserk rage {unknown}
 u - a potion of ambrosia {unknown}
 z - a potion of magic {unknown}
 D - a potion of degeneration {unknown}


   Skills:
 - Level 1.1 Fighting
 + Level 1.3 Short Blades
 + Level 4.4 Dodging
 + Level 4.6 Stealth
 + Level 4.5 Spellcasting
 + Level 5.2 Ice Magic


You had 10 spell levels left.
You knew the following spells:

 Your Spells              Type           Power        Failure   Level
a - Freeze                Ice            ####         1%          1
b - Ozocubu's Armour      Ice            ####....     3%          3

Your spell library contained the following spells:

 Spells                   Type           Power        Failure   Level
 Frozen Ramparts          Ice            ####..       3%          3
 Hailstorm                Conj/Ice       ###.....     34%         4
 Summon Ice Beast         Ice/Summ       ###.....     34%         4


Dungeon Overview and Level Annotations

Branches:
Dungeon (4/15)            Ossuary (1/1)
 Temple: D:4-7

Altars:
Cheibriados
Dithmenos
Hepliaklqana

Shops:
D:4 :}


Message History

You hit the centaur zombie.
The centaur zombie is severely damaged.
You feel sick. The centaur zombie misses you.
The scorpion zombie closely misses you. The scorpion closely misses you.
Casting: Freeze (safe; 1% risk of failure)
Confirm with . or Enter, or press ? or * to list all spells.
Aiming: Freeze (safe; 1% risk of failure)
Press: ? - help, Shift-Dir - straight line, f/p - scorpion
Aim: a scorpion (heavily wounded, umbra)
You freeze the scorpion.
The scorpion is heavily wounded.
You feel sick.
The centaur zombie hits you but does no damage.
The scorpion zombie hits you!
* * * LOW HITPOINT WARNING * * *
The scorpion misses you.
Your icy armour cracks and falls away as you move.
* * * LOW HITPOINT WARNING * * *
You feel sick. The centaur zombie misses you.
You die...

##+######
#...#...#
#...8...
#.......
##8...8##
#.....Z.#
#...8Zs.#
#...#...#
######@##
#...#...#
#.∩.'.∩.#
#...#...#
#########


You could see a scorpion, a scorpion zombie and a centaur zombie.

Vanquished Creatures
  A scorpion (D:4)
  2 orc priests
  Ijyb (D:3)
  A worker ant (D:4)
  4 adders
  3 shadow imps (D:4)
  An ooze (D:2)
  3 worms (D:2)
  A dart slug (D:1)
  3 leopard geckos
  5 orcs
  6 giant cockroaches
  6 hobgoblins
  6 jackals (D:3)
  A quokka (D:3)
  8 bats
  2 frilled lizards
  12 goblins
  8 kobolds
  9 rats
83 creatures vanquished.

Notes
Turn   | Place    | Note
-------+----------+-------------------------------------------
     0 | D:1      | B1Gdaddy5 the Deep Elf Ice Elementalist began the quest for
                  | the Orb.
     0 | D:1      | Reached XP level 1. HP: 10/10 MP: 6/6
   427 | D:1      | You fall into a shaft and drop 1 floor!
   427 | D:2      | Found a shadowy altar of Dithmenos.
   466 | D:2      | Reached XP level 2. HP: 15/15 MP: 5/8
  1370 | D:1      | You fall into a shaft and drop 1 floor!
  1501 | D:2      | Reached XP level 3. HP: 19/19 MP: 10/10
  1582 | D:2      | Became a worshipper of Dithmenos the Shadowed
  1806 | D:2      | Reached XP level 4. HP: 5/24 MP: 6/11
  2326 | D:2      | Reached skill level 5 in Ice Magic
  2356 | D:2      | Learned a level 3 spell: Ozocubu's Armour
  2878 | D:2      | Found a hazy altar of Hepliaklqana.
  3241 | D:3      | Reached * piety under Dithmenos
  3256 | D:3      | Reached XP level 5. HP: 22/28 MP: 0/13
  3938 | D:3      | Found a snail-covered altar of Cheibriados.
  3938 | D:3      | Noticed Ijyb
  3953 | D:3      | Killed Ijyb
  4785 | D:4      | Found Rasoelis's Gadget Emporium.
  4790 | D:4      | Reached skill level 1 in Short Blades
  4820 | D:4      | Found a transporter.
  4825 | D:4      | Found a transporter.
  4859 | D:4      | Reached skill level 1 in Fighting
  4860 | D:4      | Reached XP level 6. HP: 34/34 MP: 10/14
  4988 | D:4      | Found Uheuneq's Book Shoppe.
  5060 | D:4      | Found a sand-covered staircase.
  5089 | Ossuary  | Entered an ossuary
  5125 | Ossuary  | HP: 1/34 [scorpion zombie (8)]
  5127 | Ossuary  | Succumbed to a scorpion's poison

Illustrated notes

Levels and vault maps discovered:
D:1:      giann_bridges, layout_basic
D:2:      kb_forest_paths, layout_basic, marbit_many_paths,
          grunt_dithmenos_smoke, serial_curves, eino_curves_02, eino_curves_03,
          eino_curves_04
D:3:      layout_basic, serial_co_window_serial, co_window_paths_a,
          co_window_paths_a, co_window_paths_a, co_window_corner_a,
          co_window_of_opportunity_a, co_window_corner_a, co_window_cross_1,
          co_window_2corner, co_window_corner_cb, co_window_cross_2,
          co_window_of_opportunity_b, co_window_4corner_a, cheibriados_altar_1,
          uniq_ijyb
D:4:      gammafunk_wand_slinger, layout_loops_ring,
          lemuel_coloured_pillars_altar, nicolae_ossuary_entry_ruins,
          serial_shops, shop, shop, nicolae_shop_trees
Ossuary:  ossuary_minmay_scorpions

Skill      XL: |  1  2  3  4  5 |
---------------+----------------+-----
Stealth        | 3 4 |  4.6
Dodging        | 3 4 |  4.4
Spellcasting   | 4 |  4.5
Ice Magic      | 5 |  5.2
Short Blades   | 1 |  1.3
Fighting       | 1 |  1.1

Action                   |  1- 3 |  4- 6 || total
-------------------------+-------+-------++-------
Melee: Dagger            |    11 |   164 ||   175
Throw: Stone             |       |     5 ||     5
 Cast: Freeze            |    26 |    56 ||    82
       Ozocubu's Armour  |       |    21 ||    21
Evoke: Wand              |     4 |     8 ||    12
  Use: Scroll            |     2 |     3 ||     5
       Potion            |       |     4 ||     4
 Stab: Sleeping          |     2 |     6 ||     8
Armor: Leather armour    |     2 |     3 ||     5
       Robe              |       |    55 ||    55
Dodge: Dodged            |    12 |   202 ||   214

Table legend: (Time is in decaauts)
 A = Elapsed time spent in this place.
 B = Non-inter-level travel time spent in this place.
 C = Inter-level travel time spent in this place.
 D = Time resting spent in this place.
 E = Time spent auto-exploring this place.
 F = Levels seen in this place.
 G = Mean time per level.
                   A        B        C        D        E       F      G
               +--------+--------+--------+--------+--------+-----+--------+
         Total |   5128 |   4976 |    152 |   1030 |    737 |   5 | 1025.6 |
       Dungeon |   5091 |   4939 |    152 |   1030 |    737 |   4 | 1272.8 |
       Ossuary |     36 |     36 |      0 |      0 |      0 |   1 |   36.0 |
               +--------+--------+--------+--------+--------+-----+--------+

Top non-repeatable levels by time:
     D:3: 1776 daAuts
     D:2: 1677 daAuts
     D:1: 1324 daAuts
     D:4: 313 daAuts
 Ossuary: 36 daAuts
